AoeStats
← Dom&Benito

Black Forest

508334204Analyzed
3v3 RM · 9d ago on Sep 22, 2026· 49m 38s· 6 players
Game mode
Random Map
Map size
Normal (6 player)
Population
200
Speed
Normal
Resources
Standard
Victory
Conquest
Starting age
Dark Age
Ending age
Imperial Age
RankedLock teamsTeams togetherTeam positionsShared explorationLock speedFull tech treeHidden civsTurbo modeCheats
Victory
Defeat
🇨🇳 Turks · China
1191
+14
🇦🇺 Huns · Australia
1156
+15
🇺🇸 Persians · United States
1108
+17
🇨🇦 Bohemians · Canada
1227
-18
🇨🇦 Khmer · Canada
1226
-19
🇨🇦 Bengalis · Canada
972
-30
FeuillePaille36
14:07 Feudal Age
14:52 Horse Collar
15:02 Double-Bit Axe
17:57 Scale Barding Armor
18:39 Man-at-Arms
22:38 Gold Mining
25:18 Castle Age
25:56 Stone Mining
25:48 Long Swordsman
28:13 Gold Shaft Mining
29:23 Wheelbarrow
28:34 Loom
31:12 Chain Barding Armor
32:33 Hand Cart
37:46 Padded Archer Armor
38:06 Fortified Wall
44:31 Imperial Age
47:58 Elite Battle Elephant
Dom&Benito
3:41 Loom
11:48 Feudal Age
12:22 Double-Bit Axe
12:20 Horse Collar
17:18 Castle Age
16:22 Bloodlines
18:16 Heavy Plow
18:29 Bow Saw
18:49 Scale Barding Armor
18:55 Forging
24:26 Husbandry
27:43 Chain Barding Armor
27:59 Iron Casting
28:27 Wheelbarrow
35:23 Imperial Age
33:10 Hand Cart
32:40 Town Watch
35:25 Fletching
36:01 Cavalier
37:06 Conscription
36:17 Elite Skirmisher
37:51 Caravan
38:33 Bodkin Arrow
39:14 Plate Barding Armor
39:08 Ballistics
41:21 Bracer
42:12 Crossbowman
42:53 Arbalester
46:47 Padded Archer Armor
Eljrufio Delarive
3:03 Loom
12:35 Feudal Age
13:55 Double-Bit Axe
16:41 Castle Age
16:18 Horse Collar
18:23 Bow Saw
19:31 Fervor
20:39 Wheelbarrow
26:06 Hand Cart
25:37 Town Watch
26:49 Pikeman
27:30 Squires
30:12 Scale Mail Armor
30:23 Forging
33:59 Imperial Age
34:38 Chemistry
34:26 Scale Mail Armor
34:37 Forging
34:17 Fletching
35:27 Fortified Wall
35:37 Chain Mail Armor
36:09 Conscription
35:19 Houfnice
36:43 Siege Engineers
36:35 Bodkin Arrow
36:06 Halberdier
37:14 Caravan
38:29 Plate Mail Armor
38:34 Iron Casting
38:00 Bracer
40:10 Coinage
39:51 Guilds
41:25 Blast Furnace
42:37 Two-Man Saw
41:06 Elite Skirmisher
42:07 Padded Archer Armor
43:55 Leather Archer Armor
45:49 Ring Archer Armor
Tiger333
0:34 Loom
13:43 Feudal Age
17:33 Castle Age
15:46 Horse Collar
16:38 Double-Bit Axe
18:04 Wheelbarrow
19:34 Bow Saw
19:28 Heavy Plow
23:24 Gold Mining
26:05 Hand Cart
32:20 Imperial Age
30:03 Forging
29:58 Scale Barding Armor
29:44 Fletching
29:55 Padded Archer Armor
30:15 Town Watch
31:23 Iron Casting
31:09 Stone Mining
31:55 Gold Shaft Mining
33:11 Crop Rotation
33:48 Two-Man Saw
33:53 Stone Shaft Mining
34:10 Town Patrol
35:12 Blast Furnace
34:33 Chain Barding Armor
34:09 Bodkin Arrow
34:29 Leather Archer Armor
34:31 Masonry
34:42 Ballistics
35:23 Chemistry
34:19 Murder Holes
34:32 Husbandry
34:43 Bloodlines
33:56 Light Cavalry
36:24 Architecture
36:37 Kamandaran
37:49 Plate Barding Armor
36:38 Heavy Camel Rider
37:02 Crossbowman
37:48 Thumb Ring
38:08 Parthian Tactics
37:05 Elite Skirmisher
39:39 Ring Archer Armor
45:17 Hussar
逆天小肥猪
2:28 Loom
11:38 Feudal Age
15:39 Castle Age
13:31 Double-Bit Axe
14:05 Horse Collar
17:03 Bow Saw
17:07 Heavy Plow
24:32 Wheelbarrow
23:42 Town Watch
25:51 Gold Mining
27:17 Gold Shaft Mining
26:34 Stone Mining
31:26 Imperial Age
29:42 Treadmill Crane
30:13 Masonry
30:23 Ballistics
30:08 Town Patrol
30:25 Hand Cart
31:36 Padded Archer Armor
31:26 Fletching
31:47 Caravan
32:46 Conscription
33:26 Architecture
33:16 Bombard Tower
33:26 Guilds
34:46 Artillery
35:58 Elite Janissary
36:59 Murder Holes
38:07 Two-Man Saw
40:52 Scale Barding Armor
41:11 Leather Archer Armor
40:52 Bodkin Arrow
41:08 Forging
41:46 Bloodlines
41:37 Husbandry
43:27 Ring Archer Armor
42:57 Bracer
43:17 Chain Barding Armor
43:33 Iron Casting
46:21 Plate Barding Armor
46:46 Blast Furnace
maharjansunil72
1:10 Loom
14:15 Feudal Age
15:04 Double-Bit Axe
21:39 Castle Age
21:27 Bloodlines
21:31 Forging
21:28 Scale Barding Armor
21:06 Horse Collar
21:22 Gold Mining
21:28 Stone Mining
26:14 Wheelbarrow
25:25 Town Watch
29:16 Husbandry
30:58 Hand Cart
34:56 Imperial Age
33:33 Iron Casting
32:31 Light Cavalry
33:20 Fletching
34:01 Chain Barding Armor
34:22 Caravan
35:12 Cavalier
37:25 Conscription
37:57 Pikeman
38:38 Squires
38:33 Man-at-Arms
39:54 Halberdier
40:12 Man-at-Arms
41:09 Long Swordsman
44:24 Blast Furnace
43:25 Scale Mail Armor
43:40 Town Patrol
43:52 Two-Handed Swordsman
44:53 Hussar
46:06 Chain Mail Armor
47:39 Heavy Plow
Connection lost

Rejoining the realm…

Still unreachable

The connection could not be restored.

Session expired

The server has moved on; the page needs a fresh start.